 Dungeon Crawl Stone Soup version 0.22-a0-362-g535178c (webtiles) character file.

22 Amnesiac the Grave Robber (level 2, -2/21 HPs)
             Began as a Mummy Necromancer on Apr 19, 2018.
             Slain by an adder (4 damage)
             ... on level 2 of the Dungeon.
             The game lasted 00:01:11 (670 turns).

Amnesiac the Grave Robber (Mummy Necromancer)        Turns: 670, Time: 00:01:12

Health: -2/21      AC:  2    Str: 11    XL:     2   Next: 68%
Magic:  0/6        EV: 12    Int: 14    God:
Gold:   36         SH:  0    Dex: 12    Spells: 6/7 levels left

rFire    x . .     SeeInvis .   f - +0 short sword
rCold    + . .     Gourm    .   (no shield)
rNeg     + + +     Faith    .   a - +0 robe
rPois    ∞         Spirit   .   (no helmet)
rElec    .         Reflect  .   (no cloak)
rCorr    .         Harm     .   (no gloves)
MR       .....                  (no boots)
Stlth    ++........             (no amulet)
HPRegen  0.07/turn              (no ring)
MPRegen  0.10/turn              (no ring)

@: no status effects
A: no food or potions, fire vulnerability, cold resistance 1, negative energy
resistance 3, torment resistance, unbreathing
a: no special abilities


You were on level 2 of the Dungeon.
You were not hungry.

You visited 1 branch of the dungeon, and saw 3 of its levels.

You collected 36 gold pieces.

Inventory:

Hand Weapons
 f - a +0 short sword (weapon)
Missiles
 b - 78 stones (quivered)
 e - 13 sling bullets
Armour
 a - a +0 robe (worn)
Scrolls
 c - a scroll of identify {!r, unknown}
 d - a scroll of remove curse {!r, unknown}


   Skills:
 * Level 1.2 Fighting
 * Level 2.0 Dodging
 - Level 1.5 Stealth
 - Level 3.0 Spellcasting
 + Level 4.1 Necromancy


You had 6 spell levels left.
You knew the following spells:

 Your Spells              Type           Power        Failure   Level  Hunger
a - Pain                  Necr           ##..         4%          1    N/A

Dungeon Overview and Level Annotations

Branches:
Dungeon (3/15)

Altars:


Innate Abilities, Weirdness & Mutations

You do not eat or drink.
Your flesh is vulnerable to fire.
You are immune to poison.
Your flesh is cold resistant. (rC+)
You are immune to negative energy. (rN+++)
You are immune to unholy pain and torment.
You can survive without breathing.


Message History

There is a stone staircase leading up here.
You can't go down here!
The bat hits you but does no damage. The adder completely misses you.
You climb upwards.
There is a stone staircase leading down here.
Casting: Pain (safe; 4% risk of failure)
Confirm with . or Enter, or press ? or * to list all spells.
Aiming: Pain (safe; 4% risk of failure)
Press: ? - help, Shift-Dir - straight line, f - adder
Aim: an adder (chance to defeat MR: 77%)
The adder barely resists.
The adder bites you.
Casting: Pain (safe; 4% risk of failure)
Confirm with . or Enter, or press ? or * to list all spells.
Aiming: Pain (safe; 4% risk of failure)
Press: ? - help, Shift-Dir - straight line, f/p - adder
Aim: an adder (chance to defeat MR: 77%)
The adder barely resists.
The adder bites you. x2
* * * LOW HITPOINT WARNING * * *
Casting: Pain (safe; 4% risk of failure)
Confirm with . or Enter, or press ? or * to list all spells.
Aiming: Pain (safe; 4% risk of failure)
Press: ? - help, Shift-Dir - straight line, f/p - adder
Aim: an adder (chance to defeat MR: 77%)
The adder barely resists.
The adder barely misses you.
Casting: Pain (safe; 4% risk of failure)
Confirm with . or Enter, or press ? or * to list all spells.
Aiming: Pain (safe; 4% risk of failure)
Press: ? - help, Shift-Dir - straight line, f/p - adder
Aim: an adder (chance to defeat MR: 77%)
The adder writhes in agony!
The adder bites you.
* * * LOW HITPOINT WARNING * * *
Casting: Pain (safe; 4% risk of failure)
Confirm with . or Enter, or press ? or * to list all spells.
Aiming: Pain (safe; 4% risk of failure)
Press: ? - help, Shift-Dir - straight line, f/p - adder
Aim: an adder (moderately wounded, chance to defeat MR: 77%)
The adder writhes in agony!
The adder barely misses you.
Casting: Pain (safe; 4% risk of failure)
Confirm with . or Enter, or press ? or * to list all spells.
You don't have enough magic to cast that spell.
Casting: Pain (safe; 4% risk of failure)
Confirm with . or Enter, or press ? or * to list all spells.
You don't have enough magic to cast that spell.
You hit the adder.
The adder is almost dead.
The adder bites you.
* * * LOW HITPOINT WARNING * * *
The adder bites you.
* * * LOW HITPOINT WARNING * * *
You miss the adder.
The adder is almost dead.
The adder bites you but does no damage.
Unknown command.
The adder misses you.
You hit the adder.
The adder is almost dead.
The adder barely misses you.
Unknown command.
The adder closely misses you.
Unknown command.
You miss the adder.
The adder is almost dead.
The adder bites you.
You die...

#....#####........
...%....<.........
#....#####.###....
##. #.##...# #.#
#..###.#.#.# #
#..........###.###
#..8.....8........
#.........###.####
#...@S....>.......
#.....>....##.###.
#..........#
#..........#
...8.....8..#
###..........#
#########..# ##..
###


You could see an adder.

Vanquished Creatures
  2 dart slugs
  A ball python (D:2)
  3 giant cockroaches
  2 goblins (D:1)
  2 hobgoblins (D:1)
  A bat (D:1)
  2 frilled lizards
  2 kobolds (D:1)
  3 rats (D:1)
18 creatures vanquished.

Notes
Turn   | Place    | Note
-------+----------+-------------------------------------------
     0 | D:1      | Amnesiac the Mummy Necromancer began the quest for the Orb.
     0 | D:1      | Reached XP level 1. HP: 13/13 MP: 4/4
   165 | D:1      | Reached XP level 2. HP: 20/20 MP: 2/5
   530 | D:1      | Reached skill level 1 in Fighting
   670 | D:2      | Slain by an adder

Vault maps used:
D:1:      evilmike_arrival_hilbert_curve, st_stairs_11
D:2:      nicolae_ru_great_annihilating_truth, first_ration, st_stairs_1,
          grunt_ministairs_10, serial_park_tiny_pond
D:3:      grunt_temple_overflow_diamond

Skill      XL: |  1  2 |
---------------+-------+-----
Fighting       | 1 |  1.2
Spellcasting   | 3 |  3.0
Dodging        | 2 |  2.0
Stealth        | |  1.5
Necromancy     | |  4.1

Action                   || total
-------------------------++-------
Melee: Short sword       ||    11
 Cast: Pain              ||    38
Armor: Robe              ||     4
Dodge: Dodged            ||    15

Table legend:
 A = Spawn XP
 B = Non-spawn XP
 C = Spawn XP percentage of total XP
 D = Spawn monster count
 E = Non-spawn monster count
 F = Spawn count percentage of total count
 G = Total turns spent on level
                    A         B        C        D         E        F      G
               +---------+---------+-------+---------+---------+-------+---------
         Total |       0 |      32 |   0.0 |       0 |      18 |   0.0 |   670
               +---------+---------+-------+---------+---------+-------+---------
           D:1 |       0 |      23 |   0.0 |       0 |      14 |   0.0 |   574
           D:2 |       0 |       7 |   0.0 |       0 |       3 |   0.0 |    68
           D:3 |       0 |       2 |   0.0 |       0 |       1 |   0.0 |    28
               +---------+---------+-------+---------+---------+-------+---------
